| TOP OF THE 1ST |
|
Wisconsin Timber Rattlers batting - Pitching for Hartford Yard Goats : RHP Luis Castillo
|
|
Pitching: RHP Luis Castillo
|
|
|
Batting: RHB Hector Silva
|
0-0: Swinging Strike 0-1: Ball 1-1: Bunt missed! 1-2: Ground out 6-3 (Groundball, 6MS, EV 86.2 MPH)
|
|
Batting: SHB C.J. Olivares
|
0-0: Called Strike 0-1: Ground out 5-3 (Groundball, 56, EV 102.5 MPH)
|
|
Batting: SHB Sam Bingham
|
0-0: Ball 1-0: DOUBLE (Line Drive, 7LS, EV 103.1 MPH)
|
|
Batting: SHB Aaron Neill
|
0-0: Ground out 3-1 (Groundball, 13, EV 90.0 MPH)
|
| Top of the 1st over - 0 runs, 1 hit, 0 errors, 1 left on base; Wisconsin 0 - Hartford 0 |
| BOTTOM OF THE 1ST |
|
Hartford Yard Goats batting - Pitching for Wisconsin Timber Rattlers : RHP Tony Valdez
|
|
Pitching: RHP Tony Valdez
|
|
|
Batting: LHB Steve Gilliam
|
0-0: Swinging Strike 0-1: Ball 1-1: Foul Ball, location: 2F 1-2: Foul Ball, location: 2F 1-2: Ball 2-2: Foul Ball, location: 2F 2-2: Ball 3-2: Foul Ball, location: 2F 3-2: Strikes out looking
|
|
Batting: LHB Chris Salim
|
0-0: Ball 1-0: Foul Ball, location: 2F 1-1: Ball 2-1: Ball 3-1: Base on Balls
|
|
Batting: LHB Zack Guillen
|
0-0: Ball 1-0: Called Strike 1-1: Called Strike 1-2: Foul Ball, location: 2F 1-2: Strikes out looking
|
|
Batting: SHB Pete Perla
|
0-0: Foul Ball, location: 2F 0-1: Ball 1-1: Foul Ball, location: 2F 1-2: Ball 2-2: Strikes out swinging
|
| Bottom of the 1st over - 0 runs, 0 hits, 0 errors, 1 left on base; Wisconsin 0 - Hartford 0 |
| TOP OF THE 2ND |
|
Wisconsin Timber Rattlers batting - Pitching for Hartford Yard Goats : RHP Luis Castillo
|
|
Batting: LHB Paul Collins
|
0-0: Ground out 2-3 (Groundball, 15S, EV 63.8 MPH)
|
|
Batting: RHB Chris Fruit
|
0-0: Called Strike 0-1: Ground out 5-3 (Groundball, 56, EV 100.0 MPH)
|
|
Batting: SHB Ramon Perez
|
0-0: Ball 1-0: Swinging Strike 1-1: Ball 2-1: Foul Ball, location: 2F 2-2: Ball 3-2: Ground out 6-3 (Groundball, 4, EV 83.1 MPH)
|
| Top of the 2nd over - 0 runs, 0 hits, 0 errors, 0 left on base; Wisconsin 0 - Hartford 0 |
| BOTTOM OF THE 2ND |
|
Hartford Yard Goats batting - Pitching for Wisconsin Timber Rattlers : RHP Tony Valdez
|
|
Batting: RHB Andy Solorzano
|
0-0: Called Strike 0-1: Ball 1-1: Foul Ball, location: 2F 1-2: Ball 2-2: Foul Ball, location: 2F 2-2: Foul Ball, location: 2F 2-2: SINGLE (Groundball, 34D, EV 96.9 MPH)
|
|
Batting: RHB Josh Martin
|
0-0: Called Strike 0-1: Foul Ball, location: 2F 0-2: Strikes out looking
|
|
Batting: RHB Nick Rang
|
0-0: Called Strike 0-1: Fly out, F9 (Flyball, 9LM, EV 91.2 MPH)
|
|
Batting: RHB Luis Castillo
|
0-0: Ball 1-0: Fielders Choice at 2nd, 5-4 (Groundball, 56, EV 85.6 MPH)
|
| Bottom of the 2nd over - 0 runs, 1 hit, 0 errors, 1 left on base; Wisconsin 0 - Hartford 0 |
| TOP OF THE 3RD |
|
Wisconsin Timber Rattlers batting - Pitching for Hartford Yard Goats : RHP Luis Castillo
|
|
Batting: RHB Raymond Young
|
0-0: Ball 1-0: Swinging Strike 1-1: Foul Ball, location: 2F 1-2: Ball 2-2: Ground out U3 (Groundball, 3S, EV 88.8 MPH)
|
|
Batting: RHB Eli Valles
|
0-0: Called Strike 0-1: Ball 1-1: Foul Ball, location: 2F 1-2: Foul Ball, location: 2F 1-2: Ground out 6-3 (Groundball, 6, EV 79.4 MPH)
|
|
Batting: RHB Hector Silva
|
0-0: Ball 1-0: Called Strike 1-1: Ball 2-1: Foul Ball, location: 2F 2-2: Foul Ball, location: 2F 2-2: SINGLE (Line Drive, 6MD, EV 95.0 MPH)
|
|
Batting: SHB C.J. Olivares
|
0-0: Called Strike 0-1: Ball 1-1: Ball 2-1: Ball 3-1: Fly out, F7 (Flyball, 7, EV 85.0 MPH)
|
| Top of the 3rd over - 0 runs, 1 hit, 0 errors, 1 left on base; Wisconsin 0 - Hartford 0 |
| BOTTOM OF THE 3RD |
|
Hartford Yard Goats batting - Pitching for Wisconsin Timber Rattlers : RHP Tony Valdez
|
|
Batting: RHB Yamashita Yagi
|
0-0: Foul Ball, location: 2F 0-1: Called Strike 0-2: Ball 1-2: Foul Ball, location: 2F 1-2: Strikes out swinging
|
|
Batting: LHB Steve Gilliam
|
0-0: Foul Ball, location: 2F 0-1: Called Strike 0-2: Ball 1-2: Ball 2-2: SOLO HOME RUN (Flyball, 89XD, EV 99.4 MPH), Distance : 402 ft
|
|
Batting: LHB Chris Salim
|
0-0: Ball 1-0: Ball 2-0: Foul Ball, location: 2F 2-1: Ball 3-1: Fly out, F7 (Flyball, 78S, EV 86.9 MPH)
|
|
Batting: LHB Zack Guillen
|
0-0: Ball 1-0: Called Strike 1-1: SOLO HOME RUN (Flyball, 9LD, EV 90.0 MPH), Distance : 342 ft
|
|
Batting: SHB Pete Perla
|
0-0: Swinging Strike 0-1: Foul Ball, location: 2F 0-2: Ball 1-2: Strikes out swinging
|
| Bottom of the 3rd over - 2 runs, 2 hits, 0 errors, 0 left on base; Wisconsin 0 - Hartford 2 |
| TOP OF THE 4TH |
|
Wisconsin Timber Rattlers batting - Pitching for Hartford Yard Goats : RHP Luis Castillo
|
|
Batting: SHB Sam Bingham
|
0-0: Called Strike 0-1: Swinging Strike 0-2: Foul Ball, location: 2F 0-2: Foul Ball, location: 2F 0-2: Ball 1-2: Foul Ball, location: 2F 1-2: Ball 2-2: Ball 3-2: Foul Ball, location: 2F 3-2: Ground out 4-3 (Groundball, 4, EV 92.5 MPH)
|
|
Batting: SHB Aaron Neill
|
0-0: Fly out, F4 (Line Drive, 4, EV 71.9 MPH)
|
|
Batting: LHB Paul Collins
|
0-0: Ball 1-0: Ball 2-0: Ball 3-0: Base on Balls
|
|
Batting: RHB Chris Fruit
|
0-0: Ball 1-0: Foul Ball, location: 2F 1-1: Ball 2-1: SINGLE (Flyball, 89S, EV 88.8 MPH) Paul Collins to second Runner from 2nd tries for 3rd, SAFE, throw by CF made to third
|
|
Batting: SHB Ramon Perez
|
0-0: Ball 1-0: Swinging Strike 1-1: Swinging Strike 1-2: Strikes out swinging passed ball, reaches first! Paul Collins scores Chris Fruit to second
|
|
Batting: RHB Raymond Young
|
0-0: Ball 1-0: Fly out, F7 (Flyball, 7, EV 95.6 MPH)
|
| Top of the 4th over - 1 run, 1 hit, 0 errors, 2 left on base; Wisconsin 1 - Hartford 2 |
| BOTTOM OF THE 4TH |
|
Hartford Yard Goats batting - Pitching for Wisconsin Timber Rattlers : RHP Tony Valdez
|
|
Batting: RHB Andy Solorzano
|
0-0: Ball 1-0: Ball 2-0: Called Strike 2-1: SINGLE (Groundball, 56D, EV 110.0 MPH)
|
|
Batting: RHB Josh Martin
|
0-0: Ball 1-0: Swinging Strike 1-1: Ball 2-1: Swinging Strike 2-2: Strikes out swinging
|
|
Batting: RHB Nick Rang
|
0-0: Ball 1-0: Called Strike 1-1: SINGLE (Line Drive, 4D, EV 102.5 MPH) Andy Solorzano to second
|
|
Batting: RHB Luis Castillo
|
0-0: Ball 1-0: Ground out 5-3 (Groundball, 56S, EV 70.6 MPH) Andy Solorzano to third Nick Rang to second
|
|
Batting: RHB Yamashita Yagi
|
0-0: Ball 1-0: Ball 2-0: Foul Ball, location: 2F 2-1: Called Strike 2-2: Fly out, F8 (Flyball, 89D, EV 80.0 MPH)
|
| Bottom of the 4th over - 0 runs, 2 hits, 0 errors, 2 left on base; Wisconsin 1 - Hartford 2 |
| TOP OF THE 5TH |
|
Wisconsin Timber Rattlers batting - Pitching for Hartford Yard Goats : RHP Luis Castillo
|
|
Batting: RHB Eli Valles
|
0-0: Called Strike 0-1: Swinging Strike 0-2: Fly out, F3 (Popup, 3SF, EV 82.5 MPH)
|
|
Batting: RHB Hector Silva
|
0-0: Swinging Strike 0-1: Ball 1-1: Ball 2-1: Ball 3-1: Fly out, F5 (Popup, 25F, EV 83.8 MPH)
|
|
Batting: SHB C.J. Olivares
|
0-0: Foul Ball, location: 2F 0-1: SINGLE (Line Drive, 4MD, EV 99.4 MPH)
|
|
Batting: SHB Sam Bingham
|
0-0: Ground out U3 (Groundball, 3, EV 93.1 MPH)
|
| Top of the 5th over - 0 runs, 1 hit, 0 errors, 1 left on base; Wisconsin 1 - Hartford 2 |
| BOTTOM OF THE 5TH |
|
Hartford Yard Goats batting - Pitching for Wisconsin Timber Rattlers : RHP Tony Valdez
|
|
Batting: LHB Steve Gilliam
|
0-0: Ball 1-0: Foul Ball, location: 2F 1-1: Fly out, F8 (Flyball, 8LD, EV 99.4 MPH)
|
|
Batting: LHB Chris Salim
|
0-0: Called Strike 0-1: Ground out 4-3 (Groundball, 4D, EV 95.6 MPH)
|
|
Batting: LHB Zack Guillen
|
0-0: Called Strike 0-1: Swinging Strike 0-2: Ball 1-2: Foul Ball, location: 2F 1-2: Strikes out looking
|
| Bottom of the 5th over - 0 runs, 0 hits, 0 errors, 0 left on base; Wisconsin 1 - Hartford 2 |
| TOP OF THE 6TH |
|
Wisconsin Timber Rattlers batting - Pitching for Hartford Yard Goats : RHP Luis Castillo
|
|
Batting: SHB Aaron Neill
|
0-0: Ball 1-0: Fly out, F6 (Line Drive, 6, EV 67.5 MPH)
|
|
Batting: LHB Paul Collins
|
0-0: Fly out, F7 (Flyball, 7D, EV 106.2 MPH)
|
|
Batting: RHB Chris Fruit
|
0-0: Swinging Strike 0-1: Fly out, F8 (Flyball, 8RD, EV 102.5 MPH)
|
| Top of the 6th over - 0 runs, 0 hits, 0 errors, 0 left on base; Wisconsin 1 - Hartford 2 |
| BOTTOM OF THE 6TH |
|
Hartford Yard Goats batting - Pitching for Wisconsin Timber Rattlers : RHP Tony Valdez
|
|
Pitching: RHP Ernie Borden
|
|
|
Batting: SHB Pete Perla
|
0-0: SINGLE (Groundball, 6D, EV 97.5 MPH)
|
|
Batting: RHB Andy Solorzano
|
0-0: Called Strike 0-1: Foul Ball, location: 2F 0-2: Fly out, F8 (Flyball, 8RD, EV 105.0 MPH)
|
|
Batting: RHB Josh Martin
|
0-0: Called Strike 0-1: SINGLE (Line Drive, 3D, EV 95.0 MPH) Pete Perla to second Runner from 2nd tries for 3rd, SAFE, throw by RF made to third
|
|
Batting: RHB Nick Rang
|
0-0: Ball 1-0: Swinging Strike 1-1: Foul Ball, location: 2F 1-2: SINGLE (Line Drive, 4D, EV 96.2 MPH) Pete Perla scores Josh Martin to second
|
|
Batting: RHB Luis Castillo
|
0-0: Ball 1-0: Ball 2-0: Ground out 5-3 (Groundball, 5S, EV 67.5 MPH) Josh Martin to third Nick Rang to second
|
|
Batting: RHB Yamashita Yagi
|
0-0: Ball 1-0: Foul Ball, location: 2F 1-1: Ball 2-1: Foul Ball, location: 2F 2-2: Ball 3-2: Base on Balls
|
|
Batting: LHB Steve Gilliam
|
0-0: Ball 1-0: SINGLE (Flyball, 5D, EV 95.0 MPH) Josh Martin scores Nick Rang to third Yamashita Yagi to second Runner from 3rd tries for Home, SAFE, throw by LF to home
|
|
Pitching: LHP Juan Gonzalez
|
|
|
Batting: LHB Chris Salim
|
0-0: Ball 1-0: Ball 2-0: Ball 3-0: Swinging Strike 3-1: Swinging Strike 3-2: Strikes out swinging
|
| Bottom of the 6th over - 3 runs, 4 hits, 0 errors, 2 left on base; Wisconsin 1 - Hartford 5 |
| TOP OF THE 7TH |
|
Wisconsin Timber Rattlers batting - Pitching for Hartford Yard Goats : RHP Luis Castillo
|
|
Pitching: LHP Steve Lima
|
|
|
Batting: SHB Ramon Perez
|
0-0: Called Strike 0-1: Ball 1-1: Swinging Strike 1-2: Strikes out swinging
|
|
Batting: RHB Raymond Young
|
0-0: Called Strike 0-1: Ball 1-1: Called Strike 1-2: Ground out 5-3 (Groundball, 56, EV 96.2 MPH)
|
|
Batting: RHB Eli Valles
|
0-0: Called Strike 0-1: Foul Ball, location: 2F 0-2: Ground out 3-1 (Groundball, 34, EV 88.8 MPH)
|
| Top of the 7th over - 0 runs, 0 hits, 0 errors, 0 left on base; Wisconsin 1 - Hartford 5 |
| BOTTOM OF THE 7TH |
|
Hartford Yard Goats batting - Pitching for Wisconsin Timber Rattlers : LHP Juan Gonzalez
|
|
Batting: LHB Zack Guillen
|
0-0: Foul Ball, location: 2F 0-1: Ball 1-1: Foul Ball, location: 2F 1-2: Foul Ball, location: 2F 1-2: Strikes out looking
|
|
Batting: SHB Pete Perla
|
0-0: Ball 1-0: Called Strike 1-1: Called Strike 1-2: Foul Ball, location: 2F 1-2: Ball 2-2: Foul Ball, location: 2F 2-2: Strikes out swinging
|
|
Batting: RHB Andy Solorzano
|
0-0: Ball 1-0: Called Strike 1-1: Ball 2-1: Ball 3-1: Base on Balls
|
|
Batting: RHB Josh Martin
|
0-0: Ball 1-0: Ball 2-0: Foul Ball, location: 2F 2-1: Ground out U3 (Groundball, 3S, EV 80.6 MPH)
|
| Bottom of the 7th over - 0 runs, 0 hits, 0 errors, 1 left on base; Wisconsin 1 - Hartford 5 |
| TOP OF THE 8TH |
|
Wisconsin Timber Rattlers batting - Pitching for Hartford Yard Goats : LHP Steve Lima
|
|
Batting: RHB Hector Silva
|
0-0: Ball 1-0: Called Strike 1-1: SINGLE (Line Drive, 89S, EV 92.5 MPH)
|
|
Batting: SHB C.J. Olivares
|
0-0: Ball 1-0: Called Strike 1-1: Grounds into double play, 4-6-3 (Groundball, 4, EV 95.6 MPH)
|
|
Batting: SHB Sam Bingham
|
0-0: SINGLE (Groundball, 4MS, EV 69.4 MPH) (infield hit)
|
|
Batting: SHB Aaron Neill
|
0-0: Ball 1-0: Swinging Strike 1-1: SINGLE (Line Drive, 8RS, EV 108.1 MPH) Sam Bingham to second Runner from 2nd tries for 3rd, SAFE, throw by CF made to third
|
|
Batting: LHB Paul Collins
|
0-0: Called Strike 0-1: Swinging Strike 0-2: Ball 1-2: Ball 2-2: Strikes out swinging
|
| Top of the 8th over - 0 runs, 3 hits, 0 errors, 2 left on base; Wisconsin 1 - Hartford 5 |
| BOTTOM OF THE 8TH |
|
Hartford Yard Goats batting - Pitching for Wisconsin Timber Rattlers : LHP Juan Gonzalez
|
|
Pitching: RHP Dustin Pryor
|
|
|
Batting: RHB Nick Rang
|
0-0: Ball 1-0: Foul Ball, location: 2F 1-1: Ball 2-1: Swinging Strike 2-2: Foul Ball, location: 2F 2-2: Ball 3-2: Foul Ball, location: 2F 3-2: Foul Ball, location: 2F 3-2: Strikes out swinging
|
|
Batting: RHB Luis Castillo
|
0-0: Called Strike 0-1: Ball 1-1: Swinging Strike 1-2: Foul Ball, location: 2F 1-2: Foul Ball, location: 2F 1-2: Ball 2-2: Ball 3-2: Base on Balls
|
|
Batting: RHB Yamashita Yagi
|
0-0: Ball 1-0: Ball 2-0: Foul Ball, location: 2F 2-1: Called Strike 2-2: Foul Ball, location: 2F 2-2: Fly out, F9 (Line Drive, 89M, EV 94.4 MPH)
|
|
Batting: LHB Steve Gilliam
|
0-0: Called Strike 0-1: Ball 1-1: Foul Ball, location: 2F 1-2: Foul Ball, location: 2F 1-2: Ball 2-2: SINGLE (Line Drive, 89S, EV 108.8 MPH) Luis Castillo to second Runner from 2nd tries for 3rd, SAFE, throw by RF made to third
|
|
Batting: LHB Chris Salim
|
0-0: Swinging Strike 0-1: Ball 1-1: Fly out, F8 (Flyball, 8LD, EV 99.4 MPH)
|
| Bottom of the 8th over - 0 runs, 1 hit, 0 errors, 2 left on base; Wisconsin 1 - Hartford 5 |
| TOP OF THE 9TH |
|
Wisconsin Timber Rattlers batting - Pitching for Hartford Yard Goats : LHP Steve Lima
|
|
Pitching: RHP Jim Butler
|
|
|
Batting: RHB Chris Fruit
|
0-0: Foul Ball, location: 2F 0-1: Called Strike 0-2: Foul Ball, location: 2F 0-2: Foul Ball, location: 2F 0-2: Foul Ball, location: 2F 0-2: Ball 1-2: Strikes out swinging
|
|
Batting: SHB Ramon Perez
|
0-0: Foul Ball, location: 2F 0-1: Ball 1-1: Swinging Strike 1-2: Strikes out swinging
|
|
Batting: RHB Raymond Young
|
0-0: Called Strike 0-1: Ball 1-1: Ball 2-1: Called Strike 2-2: Strikes out swinging
|
| Top of the 9th over - 0 runs, 0 hits, 0 errors, 0 left on base; Wisconsin 1 - Hartford 5 |
|